 Dungeon Crawl Stone Soup version 0.31-a0-859-g9dce7d3444 (webtiles) character file.

Game seed: 10184110030176536462

3752 wvc the Arsonist (level 10, -5/50 HPs)
             Began as a Gargoyle Fire Elementalist on Oct 9, 2023.
             Was a Believer of Vehumet.
             Slain by Grum
             ... wielding a +1 glaive
              (16 damage)
             ... on level 8 of the Dungeon.
             The game lasted 00:28:26 (8920 turns).

wvc the Arsonist (Gargoyle Fire Elementalist)       Turns: 8920, Time: 00:28:28

Health: -5/50      AC: 13    Str: 12    XL:     10   Next: 15%
Magic:  19/31      EV: 11    Int: 20    God:    Vehumet [**....]
Gold:   324        SH:  0    Dex: 10    Spells: 16/26 levels left

rFire   + . .        a - staff of fire
rCold   . . .        (no shield)
rNeg    + . .        n - +0 robe
rPois   ∞            (no helmet)
rElec   +            f - +0 cloak
rCorr   .            e - +1 pair of gloves
SInv    .            y - +0 pair of boots
Will    .....        (no amulet)
Stlth   ++           c - ring of wizardry
HPRegen 0.28/turn    o - ring of magical power
MPRegen 0.22/turn

%: wizardry (x1)
@: no status effects
A: sickness immunity, AC +7, negative energy resistance 1, electricity
resistance, torment resistance 1, petrification resistance
a: Renounce Religion


You were on level 8 of the Dungeon.
You worshipped Vehumet.
Vehumet was pleased with you.
You visited 2 branches of the dungeon, and saw 10 of its levels.
You also visited: Bailey.

You collected 324 gold pieces.

Inventory:

Hand Weapons
 b - a +0 short sword of venom
 d - a +0 vampiric dagger
 j - a +2 dagger of freezing
 r - a +1 short sword of holy wrath
Missiles
 k - 41 poisoned darts
Armour
 e - a +1 pair of gloves (worn)
 f - a +0 cloak (worn)
 n - a +0 robe (worn)
 s - an orb of wrath
 y - a +0 pair of boots (worn)
Magical Staves
 a - a staff of fire (weapon)
Jewellery
 c - a ring of wizardry (left hand)
 i - a ring of ice
 o - a ring of magical power (right hand)
 q - a ring of protection from cold
 x - a +6 ring of strength
 F - a ring of ice
Wands
 w - a wand of mindburst (6)
 z - a wand of paralysis (9)
 A - a wand of roots (31)
Scrolls
 g - a scroll of vulnerability
 C - 3 scrolls of revelation
 D - a scroll of fog
 G - a scroll of immolation
Potions
 h - a potion of invisibility
 l - 4 potions of enlightenment
 m - 2 potions of curing
 t - a potion of cancellation
 u - a potion of resistance
 v - a potion of magic
 E - a potion of lignification
 H - a potion of might {unknown}


   Skills:
 - Level 1.5 Dodging
 - Level 2.1 Stealth
 + Level 8.5 Spellcasting
 * Level 8.0 Conjurations
 + Level 9.0 Fire Magic


You had 16 spell levels left.
You knew the following spells:

 Your Spells              Type           Power      Damage    Failure   Level
a - Foxfire               Conj/Fire      100%       2x1d9     1%          1
b - Scorch                Fire           100%       2d9       1%          2
c - Volatile Blastmotes   Fire/Tloc      78%        2d16      1%          3
d - Flame Wave            Conj/Fire      59%        2d14      1%          4

Your spell library contained the following spells:

 Spells                   Type           Power      Damage    Failure   Level
 Static Discharge         Conj/Air       48%        2-4/arc   1%          2
 Magic Dart               Conj           100%       1d8       1%          1
 Searing Ray              Conj           80%        2d7       1%          2
 Inner Flame              Hex/Fire       39%        N/A       1%          3
 Lesser Beckoning         Tloc           16%        N/A       4%          2
 Fulminant Prism          Conj/Hex       12%        3d8       6%          4
 Gell's Gravitas          Tloc           8%         N/A       10%         3
 Teleport Other           Tloc           8%         N/A       10%         3


Dungeon Overview and Level Annotations

Branches:
Dungeon (9/15)             Temple (1/1) D:6          Bailey (visited)
   Lair: D:8-11         Orc: D:9-12

Altars:
Ashenzari
Cheibriados
Dithmenos
Elyvilon
Fedhas
Gozag
Hepliaklqana
Kikubaaqudgha
Makhleb
Nemelex Xobeh
Okawaru
Qazlal
Ru
Sif Muna
Trog
Uskayaw
Vehumet
Wu Jian
Xom
Yredelemnul
Zin
The Shining One

Shops:
D:1 *

Annotations:
D:3 1 runed translucent door, Crazy Yiuf
D:7 2 runed translucent doors, Dowan, Duvessa
D:8 Grum


Innate Abilities, Weirdness & Mutations

You are immune to sickness and miasma.
Your stone body is resilient. (AC +7)
You are immune to poison.
You resist negative energy. (rN+)
You are resistant to electric shocks. (rElec)
You are resistant to unholy torment.
You are immune to petrification.


Message History

Casting: Foxfire (safe; 1% risk of failure)
Press: ? - help, Q - select action, (/) - cycle Dir - look around, f - activate You feel a surge of power!
You conjure some foxfire!
The wolf bites you!
* * * LOW HITPOINT WARNING * * *
The foxfire hits the wolf.
The wolf is lightly wounded.
The foxfire hits the wolf.
The wolf is lightly wounded.
The wolf attacks as it pursues you!
The wolf bites you but does no damage. x2
Level annotation: Grum Welcome back, wvc the Gargoyle Fire Elementalist.
Vehumet says: Let it end in hellfire!
Press ? for a list of commands and other information.
Okay, then.
Cast which spell? (? or * to list)
You don't know that spell.
Cast which spell? (? or * to list)
You don't know that spell.
Cast which spell? (? or * to list)
Casting: Flame Wave (dangerous; 1% risk of failure)
Press: ? - help, Dir - look around, f - activate You feel a surge of power!
A wave of flame ripples out!
The flame wave engulfs the wolf!
The wolf is heavily wounded.
The flame wave engulfs the wolf!!
The wolf is burned terribly!
You kill the wolf!
Vehumet accepts your kill.
You feel your power returning. (Press . to intensify the flame waves.)
The wolf bites you but does no damage.
Your Conjurations skill increases to level 8!
Your Fire Magic skill increases to level 9!
A wave of flame ripples out!
The flame wave engulfs the wolf!
The wolf is almost dead.
The flame wave engulfs Grum!
Grum is heavily wounded.
The wolf misses you. The wolf bites you but does no damage.
Grum hits you from afar with a +1 glaive!
You die...

#.......#..≈≈≈≈≈..#...
#........#########....
#.....................
#.....................
#.............#######.
#..)..........#.....#.
#....g##'#....#.....#.
#...h.#.§#....#.....#.
#....@#.h#....#.....#.
#.....#v§#....#.....#.
#.....#.§#....#..§§.#.
#.....#.v#....#.....##
#.....#..##+###.....'.
#.....#...'..#########
#.....#...#..#.......#
#.....#...#..'.g.....'
#.....#####..#.......#


You could see Grum and a wolf.

Vanquished Creatures
  A troll (D:8)
  5 yaks
  5 orc warriors (Bailey)
  An ice beast (D:6)
  2 ogres
  3 wolves
  A centaur (D:7)
  2 phantoms
  2 kobold brigands (D:7)
  3 bullfrogs
  A gnoll sergeant (D:8)
  2 scorpions
  4 wights (D:7)
  A howler monkey (D:5)
  3 jellies (D:7)
  5 hounds
  4 orc priests
  A sleepcap (D:6)
  A gnoll bouda (D:7)
  An iguana (D:4)
  An orc wizard (D:8)
  8 adders
  12 gnolls
  4 shadow imps
  2 white imps
  An ufetubus (D:5)
  A worm (D:3)
  3 dart slugs
  20 orcs
  8 endoplasms
  3 giant cockroaches
  12 goblins
  9 hobgoblins
  4 quokkas
  9 ball pythons
  5 bats
  2 frilled lizards (D:1)
  18 kobolds
  7 rats
177 creatures vanquished.

Vanquished Creatures (others)
  A wizard (D:5)
  450 foxfires
451 creatures vanquished.

Grand Total: 628 creatures vanquished

Notes
Turn   | Place    | Note
-------+----------+-------------------------------------------
     0 | D:1      | wvc the Gargoyle Fire Elementalist began the quest for the
                  | Orb.
     0 | D:1      | Reached XP level 1. HP: 10/10 MP: 3/3
   163 | D:1      | Reached XP level 2. HP: 15/15 MP: 3/5
   283 | D:1      | Found Ziraehal's Assorted Antiques.
   904 | D:1      | Reached XP level 3. HP: 17/19 MP: 2/6
  1058 | D:1      | Found a faded altar of an unknown god.
  1632 | D:2      | Learned a level 2 spell: Scorch
  1636 | D:2      | Learned a level 3 spell: Volatile Blastmotes
  1811 | D:2      | Reached XP level 4. HP: 24/24 MP: 7/7
  2045 | D:3      | Reached skill level 4 in Fire Magic
  2242 | D:3      | Found a broken altar of Ashenzari.
  2491 | D:3      | Reached XP level 5. HP: 28/28 MP: 9/9
  3002 | D:3      | Found a runed translucent door.
  3003 | D:3      | Noticed Crazy Yiuf
  3226 | D:4      | Found a burning altar of Makhleb.
  3226 | D:4      | Found a white marble altar of Elyvilon.
  3498 | D:4      | Reached XP level 6. HP: 31/32 MP: 11/11
  3810 | D:4      | Noticed a yak
  3819 | D:4      | Noticed a yak
  3823 | D:4      | Noticed a yak
  3824 | D:4      | Noticed a yak
  3826 | D:4      | Noticed a yak
  3848 | D:5      | Entered Level 5 of the Dungeon
  3856 | D:5      | Killed a yak
  3857 | D:5      | Reached skill level 5 in Fire Magic
  3857 | D:5      | Reached XP level 7. HP: 9/36 MP: 13/13
  3966 | D:5      | Learned a level 4 spell: Flame Wave
  3996 | D:5      | Killed a yak
  4108 | D:5      | Killed a yak
  4167 | D:5      | Killed a yak
  4168 | D:5      | Reached skill level 5 in Spellcasting
  4168 | D:5      | Reached skill level 5 in Conjurations
  4168 | D:5      | Reached skill level 6 in Fire Magic
  4168 | D:5      | Reached XP level 8. HP: 21/41 MP: 15/15
  4259 | D:4      | Killed a yak
  4925 | D:5      | Found a basalt altar of Yredelemnul.
  4945 | D:5      | Identified a scroll of acquirement
  4945 | D:5      | Acquired a staff of fire
  5549 | D:5      | Found a bloodstained altar of Trog.
  5552 | D:5      | Noticed a wizard
  5558 | D:5      | Killed a wizard
  5679 | D:6      | Found a staircase to the Ecumenical Temple.
  5689 | Temple   | Entered the Ecumenical Temple
  5709 | Temple   | Became a worshipper of Vehumet
  5987 | D:6      | Reached skill level 7 in Fire Magic
  6131 | D:6      | Reached XP level 9. HP: 27/45 MP: 18/19
  6493 | D:7      | Found a runed translucent door.
  6495 | D:7      | Found a runed translucent door.
  6498 | D:7      | Noticed Duvessa
  6498 | D:7      | Noticed Dowan
  6676 | D:7      | Found a flagged portal.
  6690 | Bailey   | Entered a bailey
  6980 | Bailey   | Reached * piety under Vehumet
  6980 | Bailey   | Offered knowledge of Kiss of Death by Vehumet.
  6981 | Bailey   | Reached skill level 8 in Fire Magic
  7101 | Bailey   | Noticed an orc sorcerer
  7109 | Bailey   | Paralysed by an orc sorcerer for 4 turns
  7116 | Bailey   | Noticed a hellwing
  7116 | Bailey   | Paralysed by an orc sorcerer for 2 turns
  8287 | D:8      | Found a stormy altar of Qazlal.
  8529 | D:8      | Reached ** piety under Vehumet
  8529 | D:8      | Offered knowledge of Static Discharge by Vehumet.
  8540 | D:8      | Reached XP level 10. HP: 36/50 MP: 22/22
  8571 | D:8      | Noticed Grum
  8920 | D:8      | Reached skill level 9 in Fire Magic
  8920 | D:8      | Slain by Grum

Illustrated notes

Levels and vault maps discovered:
D:1:      onia_arrival_pyramid, layout_basic, serial_shops,
          nicolae_shop_real_fake_doors, basic_ecumenical_altar
D:2:      layout_basic
D:3:      layout_basic, mainiacjoe_overflow_concentric_impassable,
          uniq_crazy_yiuf_cottage
D:4:      nicolae_BIG_FREAKIN_CUBE, layout_gridville,
          gammafunk_temple_overflow_wave
D:5:      layout_loops_ring, mainiacjoe_overflow_catwalk, trog_wizard,
          nicolae_zig_zag_zippers
D:6:      layout_basic, minmay_temple_entry_mist
D:7:      lemuel_insect_pit, layout_basic, enter_bailey_4, uniq_duvessa
D:8:      layout_gridville, mainiacjoe_overflow_paths, uniq_grum,
          uniq_prince_ribbit1
D:9:      layout_layer_cave, lair_entry_dummy, uniq_harold, uniq_gastronok
Temple:   lightli_temple_of_artemis

Skill      XL: |  1  2  3  4  5  6  7  8  9 10 |
---------------+-------------------------------+-----
Conjurations   | 2 3 4 5 6 7 8 |  8.0
Fire Magic     | 4 5 6 7 8 9 |  9.0
Spellcasting   | 3 4 5 6 8 |  8.5
Dodging        | |  1.5
Stealth        | |  2.1

Action                     |  1- 3 |  4- 6 |  7- 9 | 10-12 || total
---------------------------+-------+-------+-------+-------++-------
  Melee: Unarmed           |    21 |       |       |       ||    21
         Dagger            |     2 |     9 |       |       ||    11
         Short sword       |       |    40 |    68 |       ||   108
         Staff             |       |       |    31 |     4 ||    35
         Punch             |       |       |     1 |       ||     1
   Cast: Foxfire           |    59 |    36 |   152 |    13 ||   260
         Scorch            |       |    18 |    63 |    12 ||    93
         Volatile Blastmot |       |       |     1 |       ||     1
         Flame Wave        |       |       |       |     1 ||     1
    Use: Scroll            |       |    13 |     9 |     1 ||    23
         Potion            |       |     1 |     2 |       ||     3
   Stab: Sleeping          |       |     2 |     1 |       ||     3
 Armour: Robe              |    14 |    36 |   153 |    36 ||   239
  Dodge: Dodged            |    31 |    35 |   128 |    19 ||   213

Table legend: (Time is in decaauts)
 A = Elapsed time spent in this place.
 B = Non-inter-level travel time spent in this place.
 C = Inter-level travel time spent in this place.
 D = Time resting spent in this place.
 E = Time spent auto-exploring this place.
 F = Levels seen in this place.
 G = Mean time per level.
                   A        B        C        D        E       F      G
               +--------+--------+--------+--------+--------+-----+--------+
         Total |   8940 |   8641 |    299 |   1415 |   5607 |  11 |  812.7 |
       Dungeon |   8441 |   8180 |    261 |   1156 |   5540 |   9 |  937.9 |
        Temple |     40 |      2 |     38 |      0 |      0 |   1 |   40.0 |
        Bailey |    457 |    457 |      0 |    259 |     67 |   1 |  457.0 |
               +--------+--------+--------+--------+--------+-----+--------+

Top non-repeatable levels by time:
     D:5: 1434 daAuts
     D:7: 1254 daAuts
     D:4: 1191 daAuts
     D:1: 1160 daAuts
     D:2: 966 daAuts
     D:3: 890 daAuts
     D:6: 808 daAuts
     D:8: 716 daAuts
  Bailey: 457 daAuts
  Temple: 40 daAuts
     D:9: 18 daAuts
